 Dungeon Crawl Stone Soup version 0.24-a0-250-g6074511 (webtiles) character file.

Game seed: 7459065460012570576

2010 Borgoz the Cutter (level 9, -2/54 HPs)
             Began as a Gargoyle Gladiator on Apr 15, 2019.
             Was an Initiate of Ashenzari.
             Hit by a large rock thrown by a cyclops (38 damage)
             ... on level 6 of the Dungeon.
             The game lasted 00:22:22 (6052 turns).

Borgoz the Cutter (Gargoyle Gladiator)              Turns: 6052, Time: 00:22:30

Health: -2/54      AC: 16    Str: 19    XL:     9   Next: 22%
Magic:  11/11      EV: 14    Int:  9    God:    Ashenzari [......]
Gold:   310        SH:  0    Dex: 13    Spells: 8/8 levels left

rFire    . . .     SeeInvis .   b - +2 short sword (venom)
rCold    . . .     Gourm    .   (no shield)
rNeg     + . .     Faith    .   h - +1 troll leather armour {Purgy}
rPois    ∞         Spirit   .   B - +1 hat
rElec    +         Reflect  .   k - +2 cloak {+Inv}
rCorr    .         Harm     .   (no gloves)
MR       .....                  (no boots)
Stlth    ++++......             (no amulet)
HPRegen  0.58/turn              F - ring of stealth
MPRegen  0.12/turn              (no ring)

@: no status effects
A: negative energy resistance 1, electricity resistance, unbreathing,
petrification resistance, rot immunity, AC +6
a: Curse Item, Renounce Religion, Evoke Invisibility


You were on level 6 of the Dungeon.
You worshipped Ashenzari.
Ashenzari was noncommittal.
You were hungry.

You visited 2 branches of the dungeon, and saw 7 of its levels.
You also visited: Sewer.

You collected 310 gold pieces.

Inventory:

Hand Weapons
 a - a +2 short sword of speed
 b - a +2 short sword of venom (weapon)
 g - a +0 rapier
 m - a +2 dagger of speed
Armour
 h - a +1 troll leather armour (worn) {Purgy}
 k - a +2 cloak of invisibility (worn)
 B - a +1 hat (worn)
 C - the +2 robe of Eternal Night {MP+9 Str+2 Int+2 Dex+4}
   (You found it on level 4 of the Dungeon)

   It affects your strength (+2).
   It affects your intelligence (+2).
   It affects your dexterity (+4).
   It affects your magic capacity (+9).
Jewellery
 F - a ring of stealth (left hand)
Wands
 o - a wand of flame (11)
 y - a wand of enslavement (9)
Scrolls
 d - 2 scrolls of blinking
 i - 2 scrolls of teleportation
 j - a scroll of fog
 l - 2 scrolls of enchant weapon
 q - a scroll of fear
 z - a scroll of amnesia
 A - a scroll of remove curse
Potions
 c - 3 potions of heal wounds
 e - 2 potions of brilliance
 n - 4 potions of flight
 p - a potion of cancellation
 s - 2 potions of haste
 t - a potion of berserk rage
 u - 2 potions of might
 x - a potion of curing
 G - a potion of lignification
Comestibles
 f - 10 rations


   Skills:
 + Level 5.3 Fighting
 * Level 6.6 Short Blades
 - Level 1.7 Throwing
 + Level 4.9 Armour
 + Level 4.5 Dodging
 - Level 5.0 Stealth
 + Level 2.9 Evocations


You had 8 spell levels left.
You didn't know any spells.
Your spell library was empty.

Dungeon Overview and Level Annotations

Branches:
Dungeon (6/15)             Temple (1/1) D:5

Altars:
Ashenzari
Cheibriados
Dithmenos
Elyvilon
Fedhas
Gozag
Hepliaklqana
Kikubaaqudgha
Makhleb
Nemelex Xobeh
Okawaru
Qazlal
Ru
Sif Muna
Trog
Uskayaw
Vehumet
Xom
Yredelemnul
Zin

Shops:
D:6 ?


Innate Abilities, Weirdness & Mutations

You are resistant to torment.
Your stone body is resilient. (AC +6)
You are immune to poison.
You resist negative energy. (rN+)
You are resistant to electric shocks. (rElec)
You can survive without breathing.
You are immune to petrification.
You are immune to rotting.


Message History

The crimson imp is moderately wounded.
The crimson imp blinks!
The cyclops throws a large rock.
The large rock barely misses you.
You see here a large rock.
You closely miss the crimson imp.
The crimson imp is heavily wounded.
The crimson imp misses you. The crimson imp barely misses you.
You hit the crimson imp but do no damage.
The crimson imp looks as sick as possible!
The crimson imp is heavily wounded.
The crimson imp blinks!
The crimson imp misses you.
You see here a large rock.
You hit the crimson imp but do no damage.
The crimson imp is heavily wounded.
The crimson imp grins evilly.
The crimson imp barely misses you.
The cyclops throws a large rock.
The large rock hits you!!!
Ouch! That really hurt!
You die...

*,,,,,,,,,.............# #.#
*** ***********######.#.##(#
#.## ,,***,,,** #.#..#.# #...
,,**,,,,,** #.##.#.###.##
,,*,,,,,,,* ######.##.#.....#
,,',,,,,,,*
####...............#
,,*,,,,,,,*
#......###....>....#
,,**,,,,,** #......#
#.........#
,,***,,,**###..(@5.#
#......)..## ,,*
******#..(%....#####'#####.##
,,****...5C.####...<......#
#.## ,,**,,....#**
###.....##.#* #...
,,**,,...** #∩.....#..# #...
,,*,,,..,* #.........#*#...
,,,,,,,*** #......##..##...
********
*****#......#*#.##...
****,,,,+......# *..#...


You could see a cyclops and 2 crimson imps.

Vanquished Creatures
  Sigmund (D:2)
  The ghost of Hylith the Grave Robber, an amateur GnNe of Ashenzari (D:4)
  Purgy (Sewer)
  A phantom (D:4)
  A necrophage (D:2)
  2 centaurs
  2 ogres
  Blork the orc (D:5)
  4 scorpions
  A crimson imp (D:6)
  10 orc wizards
  2 orc priests
  4 hounds
  Crazy Yiuf (D:2)
  An iguana (D:6)
  A worker ant (D:6)
  A hound skeleton (D:5)
  8 adders
  3 river rats (D:3)
  A shadow imp (D:5)
  2 oozes (D:1)
  2 worms
  2 dart slugs
  4 leopard geckos
  20 orcs
  6 ball pythons
  6 giant cockroaches
  10 goblins
  16 hobgoblins
  9 jackals
  3 quokkas
  9 bats
  11 frilled lizards
  12 kobolds
  A quokka zombie (D:5)
  7 rats
167 creatures vanquished.

Vanquished Creatures (others)
  An orc wizard (D:4)
1 creature vanquished.

Grand Total: 168 creatures vanquished

Notes
Turn   | Place    | Note
-------+----------+-------------------------------------------
     0 | D:1      | Borgoz the Gargoyle Gladiator began the quest for the Orb.
     0 | D:1      | Reached XP level 1. HP: 12/12 MP: 1/1
   311 | D:1      | Reached XP level 2. HP: 15/17 MP: 2/2
   380 | D:1      | Reached skill level 3 in Short Blades
   510 | D:1      | Reached skill level 1 in Armour
   514 | D:1      | Reached skill level 1 in Stealth
   520 | D:1      | Reached XP level 3. HP: 18/22 MP: 3/3
  1210 | D:2      | Found a sacrificial altar of Ru.
  1229 | D:2      | Reached XP level 4. HP: 27/27 MP: 4/4
  1503 | D:2      | Found an ancient bone altar of Kikubaaqudgha.
  1511 | D:2      | Noticed a necrophage
  1547 | D:2      | Killed a necrophage
  1547 | D:2      | Reached XP level 5. HP: 10/32 MP: 5/5
  1777 | D:2      | Found a white marble altar of Elyvilon.
  1779 | D:2      | Found a blossoming altar of Fedhas.
  1779 | D:2      | Found a sparkling altar of Nemelex Xobeh.
  1969 | D:2      | Reached skill level 4 in Short Blades
  2046 | D:2      | Noticed Sigmund
  2069 | D:2      | Killed Sigmund
  2069 | D:2      | Reached XP level 6. HP: 16/37 MP: 6/6
  2195 | D:2      | Reached XP level 7. HP: 19/42 MP: 7/7
  2497 | D:2      | Found a runed translucent door.
  2498 | D:2      | Noticed Crazy Yiuf
  2519 | D:2      | Killed Crazy Yiuf
  3165 | D:3      | Reached skill level 5 in Short Blades
  3262 | D:3      | Found a glowing drain.
  3300 | D:3      | Reached skill level 1 in Evocations
  3312 | Sewer    | Entered a sewer
  3504 | Sewer    | Noticed Purgy
  3563 | Sewer    | Killed Purgy
  4394 | D:4      | Found a blossoming altar of Fedhas.
  4444 | D:4      | Reached XP level 8. HP: 48/48 MP: 8/8
  4564 | D:4      | Found a runed translucent door.
  4707 | D:4      | Got a twisted robe
  4937 | D:4      | Noticed Hylith's ghost (amateur GnNe)
  4973 | D:4      | Killed Hylith's ghost
  5009 | D:5      | Entered Level 5 of the Dungeon
  5009 | D:5      | Noticed Blork the orc
  5021 | D:5      | Reached skill level 6 in Short Blades
  5044 | D:5      | Killed Blork the orc
  5095 | D:5      | Found a shadowy altar of Dithmenos.
  5202 | D:5      | Reached skill level 5 in Fighting
  5222 | D:5      | Found a staircase to the Ecumenical Temple.
  5267 | Temple   | Entered the Ecumenical Temple
  5497 | D:5      | Reached XP level 9. HP: 54/54 MP: 10/10
  5616 | D:5      | Reached skill level 5 in Stealth
  5621 | D:5      | Found a hide-covered altar of Uskayaw.
  5766 | D:6      | Found a glowing silver altar of Zin.
  5886 | D:6      | Found a shattered altar of Ashenzari.
  5924 | D:6      | Found Ric Xeps's Magic Scroll Emporium.
  5969 | D:6      | Became a worshipper of Ashenzari the Shackled
  6039 | D:6      | Noticed a cyclops
  6052 | D:6      | Hit by a large rock thrown by a cyclops

Levels and vault maps discovered:
D:1:      lightli_arrival_windingriver, layout_basic, st_stairs_6
D:2:      layout_loops_ring, nicolae_ru_great_annihilating_truth,
          chequers_temple_overflow_statue_of_worship, uniq_crazy_yiuf_cottage,
          uniq_sigmund
D:3:      layout_loops_corners, portal_sewer_entry_b, first_ration
D:4:      layout_cave_pools, ebering_ghost_sewer_d, minmay_misc_feat_tiny,
          grunt_decor_one_mirror, fedhas_altar_1
D:5:      layout_rooms, eat_drink_and_be_merry_uskayaw, grunt_dithmenos_smoke,
          minmay_temple_entry_mini_moons, uniq_blork_the_orc
D:6:      minmay_opposing_rooms, layout_basic, lemuel_coloured_pillars_altar,
          old_standard_altar, old_standard_altar, serial_shops, shop
Temple:   minmay_temple_curvy_loop
Sewer:    sewer_co_purgy_island

Skill      XL: |  1  2  3  4  5  6  7  8  9 |
---------------+----------------------------+-----
Short Blades   | 3 4 5 6 |  6.6
Armour         | 1 2 3 4 |  4.9
Stealth        | 1 2 3 4 5 |  5.0
Fighting       | 3 4 5 |  5.3
Dodging        | 3 4 |  4.5
Evocations     | 1 2 |  2.9
Throwing       | |  1.7

Action                   |  1- 3 |  4- 6 |  7- 9 || total
-------------------------+-------+-------+-------++-------
Melee: Rapier            |    17 |       |       ||    17
       Dagger            |    89 |       |       ||    89
       Short sword       |    29 |   187 |   613 ||   829
Throw: Throwing net      |       |     4 |     1 ||     5
  Use: Scroll            |       |     4 |    12 ||    16
       Potion            |       |       |    10 ||    10
 Stab: Sleeping          |       |     2 |    10 ||    12
       Invisible         |       |     1 |       ||     1
       Distracted        |       |       |     1 ||     1
  Eat: Chunk             |     1 |     3 |    13 ||    17
Armor: Ring mail         |    49 |    37 |   153 ||   239
       Leather armour    |     6 |       |       ||     6
       Skin              |       |       |   103 ||   103
       Troll leather arm |       |       |   110 ||   110
Dodge: Dodged            |    81 |    81 |   312 ||   474

Table legend:
 A = Non-vault XP
 B = Vault XP
 C = Vault XP percentage of total XP
 D = Non-vault monster count
 E = Vault monster count
 F = Vault count percentage of total count
                 A         B        C        D         E       F
            +---------+---------+-------+---------+---------+-------
      Total |    2077 |     795 |  27.7 |     142 |      26 |  15.5
            +---------+---------+-------+---------+---------+-------
        D:1 |      53 |       5 |   8.6 |      27 |       2 |   6.9
        D:2 |     426 |     308 |  42.0 |      39 |       6 |  13.3
        D:3 |     201 |      42 |  17.3 |      30 |       5 |  14.3
        D:4 |     578 |     200 |  25.7 |      22 |       3 |  12.0
        D:5 |     379 |     100 |  20.9 |      16 |       1 |   5.9
        D:6 |     440 |       0 |   0.0 |       8 |       0 |   0.0
      Sewer |       0 |     140 | 100.0 |       0 |       9 | 100.0
            +---------+---------+-------+---------+---------+-------
